 Dungeon Crawl Stone Soup version 0.31-a0-4-gefa6de2278 (webtiles) character file.

Game seed: 10601350576263122838

2734 mopl the Cleaver (level 9, 0/65 HPs)
             Began as a Formicid Warper on May 4, 2023.
             Succumbed to a killer bee's poison
             ... on level 7 of the Dungeon.
             The game lasted 00:15:39 (7898 turns).

mopl the Cleaver (Formicid Warper)                  Turns: 7898, Time: 00:15:40

Health: 0/65       AC: 12    Str: 16    XL:     9   Next: 99%
Magic:  13/13      EV:  7    Int: 17    God:
Gold:   1119       SH:  5    Dex: 13    Spells: 5/14 levels left

rFire   . . .        b - +1 halberd (venom)
rCold   . . .        C - +0 buckler
rNeg    . . .        j - +0 chain mail
rPois   .            (helmet unavailable)
rElec   .            (no cloak)
rCorr   .            (no gloves)
SInv    +            O - +2 pair of boots {Fly}
Will    .....        (no amulet) Stlth
                     J - ring of wizardry
HPRegen 0.30/turn    (no ring)
MPRegen 0.13/turn

%: wizardry (x1)
@: lethally poisoned (0 -> -9), flying
A: permanent stasis, dig shafts and tunnels, antennae 3, four strong arms
a: Dig, Shaft Self


You were on level 7 of the Dungeon.
You visited 1 branch of the dungeon, and saw 9 of its levels.
You also visited: Bailey.

You collected 1203 gold pieces.
You spent 84 gold pieces at shops.

Inventory:

Hand Weapons
 a - a +0 broad axe
 b - a +1 halberd of venom (weapon)
 f - a +2 dagger of speed
 g - the +7 hand axe of Springtime {freeze, *Corrode rPois rC+}
   (You found it on level 8 of the Dungeon)

   rC:        It protects you from cold.
   rPois:     It protects you from poison.
   *Corrode:  It may corrode you when you take damage.
 o - a +0 battleaxe
 B - a +1 vampiric spear
 H - a +3 spectral quarterstaff
 K - a +0 war axe
 M - the +0 falchion of Vore {holy, Int+4}
   (You took it off a kobold in a bailey)

   Int:       It affects your intelligence (+4).
Missiles
 d - 7 boomerangs of dispersal
 k - 17 boomerangs (quivered)
 v - 4 atropa-tipped darts
 P - 5 curare-tipped darts
 Q - a silver boomerang
Armour
 j - a +0 chain mail (worn)
 C - a +0 buckler (worn)
 L - a +0 plate armour
 O - a +2 pair of boots of flying (worn)
Jewellery
 J - a ring of wizardry (left hand)
 R - the ring of the Hare {EV+10}
   (You found it on level 8 of the Dungeon)

   [ring of evasion]

   EV:        It affects your evasion (+10).
Wands
 y - a wand of digging (6)
Scrolls
 c - 5 scrolls of blinking
 e - 2 scrolls of enchant weapon {unknown}
 h - a scroll of torment {unknown}
 p - 4 scrolls of poison {unknown}
 q - 2 scrolls of enchant armour {unknown}
 r - a scroll of fear {unknown}
 s - a scroll of immolation {unknown}
 t - a scroll of noise {unknown}
 w - 2 scrolls of vulnerability {unknown}
 D - a scroll of magic mapping {unknown}
 E - a scroll of brand weapon {unknown}
 F - a scroll of silence {unknown}
 I - a scroll of teleportation {unknown}
 N - a scroll of summoning {unknown}
Potions
 i - 3 potions of curing
 l - 4 potions of heal wounds
 m - 5 potions of might {unknown}
 n - 4 potions of mutation {unknown}
 u - 5 potions of flight
 x - a potion of attraction
 z - a potion of invisibility
 A - 2 potions of haste {unknown}
 G - 2 potions of ambrosia {unknown}


   Skills:
 + Level 4.1 Fighting
 * Level 9.5 Axes
 - Level 1.0 Throwing
 + Level 3.5 Armour
 + Level 2.3 Dodging
 - Level 4.0 Shields
 - Level 3.0 Spellcasting
 + Level 6.4 Translocations


You had 5 spell levels left.
You knew the following spells:

 Your Spells              Type           Power      Damage    Failure   Level
a - Manifold Assault      Tloc           24%        N/A       56%         4
b - Lesser Beckoning      Tloc           48%        N/A       12%         2
c - Teleport Other        Tloc           24%        N/A       22%         3

Your spell library contained the following spells:

 Spells                   Type           Power      Damage    Failure   Level
 Apportation              Tloc           48%        N/A       8%          1
 Cigotuvi's Dreadful Rot  Necr/Pois/Air  4%         N/A       80%         2
 Ignite Poison            Fire/Tmut/Pois 2%         N/A       95%         3
 Alistair's Intoxication  Tmut/Pois      1%         N/A       100%        5
 Freezing Cloud           Conj/Ice/Air   1%         6-21      100%        5
 Blink                    Tloc           Unusable   N/A       N/A         2
 Vhi's Electric Charge    Tloc/Air       Unusable   N/A       N/A         3

Dungeon Overview and Level Annotations

Branches:
Dungeon (9/15)             Bailey (visited)
 Temple: D:4-7         Lair: D:8-11         Orc: D:9-12

Altars:
Ashenzari
Fedhas
Hepliaklqana
Nemelex Xobeh
Qazlal
Trog
Vehumet

Shops:
D:1 :   D:3 (:   D:8 (


Innate Abilities, Weirdness & Mutations

You cannot be hasted, slowed, berserked, paralysed or teleported.
You can dig through walls and to a lower floor.
You have a pair of large antennae on your head. (SInv)
Your four strong arms can wield two-handed weapons with a shield.


Message History

The killer bee is moderately wounded.
You feel sick.
The killer bee stings you but does no damage.
The killer bee barely misses you. You block the killer bee's attack.
You hit the killer bee.
The killer bee is almost dead.
You feel sick.
You kill the killer bee!
The killer bee barely misses you. x2
You miss the killer bee.
You feel sick.
The killer bee stings you but does no damage.
The killer bee stings you!
* * * LOW HITPOINT WARNING * * *
You feel much better.
You feel sick. You block the killer bee's attack.
The killer bee barely misses you.
You miss the killer bee.
You feel sick.
You are no longer poisoned.
The killer bee stings you but does no damage. x2
You hit the killer bee.
The killer bee is poisoned.
The killer bee is moderately wounded.
The killer bee stings you but does no damage. x2
You block the killer bee's attack.
You barely miss the killer bee.
The killer bee is moderately wounded.
The killer bee stings you but does no damage.
You block the killer bee's attack.
You hit the killer bee but do no damage.
The killer bee looks even sicker.
The killer bee is moderately wounded.
The killer bee stings you.
* * * LOW HITPOINT WARNING * * *
The killer bee stings you!
* * * LOW HITPOINT WARNING * * *
You block the killer bee's attack.
The killer bee attacks as you move away!
The killer bee stings you.
* * * LOW HITPOINT WARNING * * *
You are lethally poisoned!
The killer bee poisons you!
You die...

#.########
#.# #†#
###.##
#....#
#....#
#....#
#....#
#..@.#
###'## #y#
#†# #..
... ....
....
###.?.


You could see a killer bee (very poisoned).

Vanquished Creatures
  A water moccasin (D:4)
  9 orc warriors
  A black bear (D:7)
  An ogre (D:5)
  3 centaurs
  A phantom (D:6)
  A bullfrog (D:8)
  A gnoll sergeant (D:4)
  4 scorpions (D:5)
  5 killer bees (D:7)
  An electric eel (D:6)
  A howler monkey (D:4)
  A crimson imp (D:4)
  A quasit (D:4)
  A hound (D:6)
  2 gnoll boudas
  A jelly (D:6)
  An iguana (D:4)
  An orc wizard (D:9)
  14 gnolls
  8 adders
  6 shadow imps
  3 white imps
  4 ufetubi
  2 worms
  2 dart slugs
  10 orcs
  5 bats
  9 endoplasms
  5 giant cockroaches
  5 goblins
  8 hobgoblins
  4 jackals
  5 quokkas
  5 ball pythons
  14 kobolds
  8 rats
154 creatures vanquished.

Vanquished Creatures (others)
  3 demonic plants (D:5)
  9 plants
12 creatures vanquished.

Grand Total: 166 creatures vanquished

Notes
Turn   | Place    | Note
-------+----------+-------------------------------------------
     0 | D:1      | mopl the Formicid Warper began the quest for the Orb.
     0 | D:1      | Reached XP level 1. HP: 16/16 MP: 3/3
   109 | D:1      | Found a faded altar of an unknown god.
   113 | D:1      | Reached XP level 2. HP: 21/22 MP: 5/5
   186 | D:1      | Found Qiemirphu's Book Boutique.
   272 | D:1      | Reached skill level 3 in Translocations
   320 | D:1      | Reached XP level 3. HP: 21/27 MP: 6/6
   322 | D:1      | Reached skill level 3 in Axes
   345 | D:1      | Learned a level 2 spell: Lesser Beckoning
   848 | D:2      | Found a stormy altar of Qazlal.
   854 | D:2      | Reached XP level 4. HP: 33/33 MP: 7/7
  1325 | D:3      | Learned a level 4 spell: Manifold Assault
  1524 | D:3      | Found Zedynohe's Weapon Shop.
  1649 | D:3      | Found Gepag's Vocational Training.
  2167 | D:4      | Found a broken altar of Ashenzari.
  2187 | D:4      | Found a bloodstained altar of Trog.
  2254 | D:4      | Reached XP level 5. HP: 31/38 MP: 9/9
  2281 | D:3      | Reached skill level 4 in Axes
  2504 | D:3      | Reached skill level 3 in Spellcasting
  2511 | D:3      | Learned a level 3 spell: Teleport Other
  2768 | D:4      | Reached XP level 6. HP: 44/44 MP: 10/10
  3022 | D:4      | Reached skill level 5 in Axes
  3084 | D:4      | Found a blossoming altar of Fedhas.
  3128 | D:4      | Noticed a water moccasin
  3146 | D:4      | Killed a water moccasin
  3147 | D:4      | Reached skill level 4 in Translocations
  3147 | D:4      | Reached XP level 7. HP: 19/50 MP: 11/11
  3371 | D:5      | Entered Level 5 of the Dungeon
  3617 | D:5      | Reached skill level 6 in Axes
  3703 | D:5      | Found a sparkling altar of Nemelex Xobeh.
  4315 | D:5      | Reached skill level 1 in Shields
  4315 | D:5      | Reached XP level 8. HP: 56/56 MP: 12/12
  4386 | D:4      | Reached skill level 5 in Translocations
  4490 | D:5      | Reached skill level 7 in Axes
  4599 | D:5      | Reached skill level 2 in Shields
  4666 | D:5      | Found a sparkling altar of Nemelex Xobeh.
  5224 | D:6      | Reached skill level 3 in Shields
  5427 | D:6      | Found a radiant altar of Vehumet.
  5562 | D:6      | Reached skill level 8 in Axes
  5712 | D:6      | You fall into a shaft and drop 3 floors!
  5884 | D:9      | Reached XP level 9. HP: 47/61 MP: 13/13
  6031 | D:9      | Reached skill level 4 in Shields
  6399 | D:8      | Found a hazy altar of Hepliaklqana.
  6410 | D:8      | Found a flagged portal.
  6416 | D:8      | Identified the +7 hand axe of Springtime {freeze, *Corrode
                  | rPois rC+}
  6422 | Bailey   | Entered a bailey
  6817 | Bailey   | Reached skill level 3 in Fighting
  6817 | Bailey   | Reached skill level 2 in Armour
  6817 | Bailey   | Reached skill level 6 in Translocations
  6905 | Bailey   | Identified the +0 falchion of Vore {holy, Int+4}
  6915 | Bailey   | Reached skill level 9 in Axes
  7377 | Bailey   | Reached skill level 3 in Armour
  7583 | D:8      | Found Atsi's Weapon Shop.
  7626 | D:8      | Bought 5 curare-tipped darts for 84 gold pieces
  7756 | D:8      | Reached skill level 2 in Dodging
  7787 | D:8      | Found the ring of the Hare {EV+10}
  7863 | D:7      | Reached skill level 4 in Fighting
  7892 | D:7      | HP: 2/65 [killer bee (7)]
  7898 | D:7      | HP: 3/65 [killer bee (3)]
  7898 | D:7      | Succumbed to a killer bee's poison

Illustrated notes

Levels and vault maps discovered:
D:1:      spicycebolla_arrival_xxxplode, layout_basic, serial_shops,
          nicolae_shop_just_a_little_nook, hellmonk_ecumenical_altar_dog_temple
D:2:      layout_basic, basic_altar, serial_bayou_lagoon_a
D:3:      layout_loops_ring, serial_shops, shop, nicolae_shop_vocational
D:4:      layout_rooms, mainiacjoe_overflow_surrounded_room,
          mainiacjoe_overflow_brackets, mainiacjoe_overflow_six_doors_small,
          dreamdust_princess_bridge, minmay_fire_ice_demons
D:5:      layout_cave_pools, nemelex_dance_club_becter, serial_demonic,
          serial_demonic_a, serial_demonic_e, serial_demonic_a,
          serial_demonic_g, kennysheep_small_circle
D:6:      layout_basic, grunt_qazlal_sundering, kennysheep_little_box,
          nrook_pool_corridor
D:7:      layout_basic, mainiacjoe_overflow_chevrons,
          minmay_temple_entry_junction, amcnicky_mini_corridor_feature
D:8:      layout_rooms, amcnicky_altar_gilded,
          mainiacjoe_overflow_cross_hatched, grunt_lair_entry_orc_guard_hut,
          enter_bailey_2, serial_shops, shop, shop,
          nicolae_shop_tiny_real_fake_doors, shop,
          minmay_shop_enchanted_jewellery
D:9:      layout_loops_corners, serial_shops, nicolae_shop_overgrown_old_shop

Skill      XL: |  1  2  3  4  5  6  7  8  9 |
---------------+----------------------------+-----
Translocations | 3 4 5 6 |  6.4
Axes           | 3 4 5 6 8 9 |  9.5
Spellcasting   | 3 |  3.0
Shields        | 1 3 4 |  4.0
Fighting       | 4 |  4.1
Armour         | 3 |  3.5
Dodging        | 2 |  2.3
Throwing       | |  1.0

Action                     |  1- 3 |  4- 6 |  7- 9 || total
---------------------------+-------+-------+-------++-------
  Melee: Hand axe          |   120 |    73 |       ||   193
         Punch             |     2 |       |     1 ||     3
         War axe           |       |    54 |    15 ||    69
         Halberd           |       |    48 |   367 ||   415
  Throw: Boomerang         |       |       |     1 ||     1
   Cast: Lesser Beckoning  |       |     1 |     4 ||     5
         Teleport Other    |       |       |     4 ||     4
Ability: Shaft Self        |       |       |     1 ||     1
    Use: Potion            |       |       |     4 ||     4
         Scroll            |       |       |     4 ||     4
 Armour: Leather armour    |    14 |       |       ||    14
         Ring mail         |    34 |    62 |    83 ||   179
         Chain mail        |       |       |    72 ||    72
  Dodge: Dodged            |   103 |   125 |   209 ||   437
  Block: Buckler           |       |       |    95 ||    95

Table legend: (Time is in decaauts)
 A = Elapsed time spent in this place.
 B = Non-inter-level travel time spent in this place.
 C = Inter-level travel time spent in this place.
 D = Time resting spent in this place.
 E = Time spent auto-exploring this place.
 F = Levels seen in this place.
 G = Mean time per level.
                   A        B        C        D        E       F      G
               +--------+--------+--------+--------+--------+-----+--------+
         Total |   8120 |   8039 |     81 |   2879 |   2957 |  10 |  812.0 |
       Dungeon |   6944 |   6863 |     81 |   2389 |   2803 |   9 |  771.6 |
        Bailey |   1176 |   1176 |      0 |    490 |    154 |   1 | 1176.0 |
               +--------+--------+--------+--------+--------+-----+--------+

Top non-repeatable levels by time:
     D:4: 1842 daAuts
  Bailey: 1176 daAuts
     D:3: 1013 daAuts
     D:5: 984 daAuts
     D:9: 689 daAuts
     D:2: 687 daAuts
     D:1: 675 daAuts
     D:6: 670 daAuts
     D:8: 306 daAuts
     D:7: 72 daAuts
